 Dungeon Crawl Stone Soup version 0.18-a0-1640-g8b6524e (webtiles) character file.

52 Firebatgyro the Chopper (level 3, 0/27 HPs)
             Began as a Demonspawn Gladiator on Mar 28, 2016.
             Slain by a goblin
             ... wielding a +0 spear
              (4 damage)
             ... on level 1 of the Dungeon.
             The game lasted 00:03:21 (1078 turns).

Firebatgyro the Chopper (Demonspawn Gladiator)      Turns: 1078, Time: 00:03:21

Health: 0/27       AC:  5    Str: 16    XL:     3   Next: 60%
Magic:  3/3        EV: 12    Int:  9    God:
Gold:   21         SH:  0    Dex: 13    Spells: 0 memorised, 2 levels left

rFire  + . .     SeeInvis .     a - +0 war axe
rCold  . . .     Gourm    .     b - +0 leather armour
rNeg   . . .     Faith    .     (no shield)
rPois  .         Spirit   .     c - +0 helmet
rElec  .         Dismiss  .     (no cloak)
rCorr  .         Reflect  .     (no gloves)
SustAt .         Harm     .     (no boots)
MR     .....                    (no amulet)
Stlth  +.........               (no ring)
                                (no ring)

@: not resistant to hostile enchantments, very unstealthy
A: icy blue scales 1, fire resistance 1
a: no special abilities


You were on level 1 of the Dungeon.
You were hungry.

You visited 1 branch of the dungeon, and saw 2 of its levels.

You collected 21 gold pieces.

Inventory:

Hand Weapons
 a - a +0 war axe (weapon)
Missiles
 h - 2 javelins (quivered)
 i - 20 sling bullets
Armour
 b - a +0 leather armour (worn)
 c - a +0 helmet (worn)
Scrolls
 e - a scroll of immolation {unknown}
 g - a scroll of teleportation {unknown}
 j - a scroll of recharging {unknown}
 k - 3 scrolls of identify {unknown}
 l - a scroll of magic mapping {unknown}
Comestibles
 f - a bread ration


   Skills:
 - Level 2.0 Fighting
 + Level 4.2 Axes
 - Level 1.7 Throwing
 - Level 2.6 Dodging


You had 2 spell levels left.
You didn't know any spells.

Dungeon Overview and Level Annotations

Branches:
Dungeon (2/15)

Altars:
Yredelemnul


Innate Abilities, Weirdness & Mutations

You are partially covered in icy blue scales (AC +1).
Your flesh is heat resistant.


Message History

You hit the rat.
You kill the rat!
The kobold throws a stone.
The stone hits you.
* * * LOW HITPOINT WARNING * * *
Found a spear.
Things that are here:
a stone; a rat corpse The kobold throws a stone.
The stone hits you but does no damage.
You see here a stone.
You see here a spear.
You hit the kobold but do no damage. The kobold barely misses you.
You closely miss the kobold. The kobold barely misses you.
You slash the kobold!
You kill the kobold!
You closely miss the kobold. The kobold hits you but does no damage.
The goblin hits you but does no damage. The kobold hits you but does no damage.
You hit the kobold.
You kill the kobold!
The goblin hits you from afar with a spear.
You die...

# ..## .... ..... #
...#.
#.#############...#.
#..@)gg..)..........
###########.(.......
###(#..##.
##.........
#.K..######
#.##K##...
#.##g##.###
#...g.....(
####.##.###


You could see a hobgoblin and a goblin.

Vanquished Creatures
  2 adders
  A worm (D:2)
  A dart slug (D:1)
  2 giant geckos (D:2)
  3 bats
  4 goblins
  2 hobgoblins
  3 jackals (D:2)
  A giant newt (D:2)
  6 kobolds
  3 rats
28 creatures vanquished.

Notes
Turn   | Place    | Note
--------------------------------------------------------------
     0 | D:1      | Firebatgyro the Demonspawn Gladiator began the quest for the Orb.
     0 | D:1      | Reached XP level 1. HP: 16/16 MP: 1/1
   252 | D:1      | Reached skill level 3 in Axes
   389 | D:1      | Gained mutation: Your flesh is heat resistant. [demonic ancestry]
   389 | D:1      | Reached XP level 2. HP: 20/22 MP: 2/2
   503 | D:1      | Gained mutation: You are partially covered in icy blue scales (AC +1). [demonic ancestry]
   503 | D:1      | Reached XP level 3. HP: 14/27 MP: 3/3
   742 | D:2      | Reached skill level 4 in Axes
   884 | D:2      | Found a faded altar to an unknown god.
   917 | D:2      | Found a basalt altar of Yredelemnul.
   957 | D:1      | HP: 1/27 [gnoll/whip (8)]
  1039 | D:1      | HP: 1/27 [kobold/short sword (1)]
  1078 | D:1      | Slain by a goblin

Vault maps used:
D:1:      erik_arrival_cave_to_civilisation
D:2:      nicolae_overflow_hidden_temple, ecumenical_altar_1

Skill      XL: |  1  2  3 |
---------------+----------+-----
Axes           | 3 4 |  4.2
Fighting       | |  2.0
Throwing       | |  1.7
Dodging        | |  2.6

Action                   || total
-------------------------++-------
Melee: War axe           ||    85
Throw: Throwing net      ||     6
  Use: Potion            ||     1
